 Dungeon Crawl Stone Soup version 0.31-a0-152-g6aa68a64a1 (webtiles) character file.

Game seed: 14566540448207904934

16 qw the Shooter (level 2, 0/26 HPs)
             Began as a Naga Hunter on June 9, 2023.
             Slain by Sigmund
             ... wielding a +0 scythe
              (4 damage)
             ... on level 4 of the Dungeon.
             The game lasted 00:00:12 (615 turns).

qw the Shooter (Naga Hunter)                         Turns: 615, Time: 00:00:13

Health: 0/26       AC:  3    Str: 13    XL:     2   Next: 54%
Magic:  2/2        EV:  9    Int:  9    God:
Gold:   22         SH:  0    Dex: 14    Spells: 1/1 levels left

rFire   . . .        Y - +0 shortbow
rCold   . . .        (shield currently unavailable)
rNeg    + . .        c - +0 leather armour
rPois   +            d - +0 helmet
rElec   .            (no cloak)
rCorr   .            (no gloves)
SInv    +            (no barding)
Will    .....        (no amulet)
Stlth   +            a - ring of positive energy
HPRegen 0.24/turn    (no ring)
MPRegen 0.08/turn

%: no passive effects
@: confused, very slow
A: AC +0, large, see invisible, deformed body, poison resistance, slowness 2,
spit poison 1, naga tail 1
a: Spit Poison


You were on level 4 of the Dungeon.
You visited 1 branch of the dungeon, and saw 3 of its levels.

You collected 22 gold pieces.


Innate Abilities, Weirdness & Mutations

Your serpentine skin is tough. (AC +0)
You have supernaturally acute eyesight. (SInv)
Armour fits poorly on your strangely shaped body.
Your system is resistant to poisons. (rPois)
You cover ground very slowly.
You can spit poison.
You have a snake-like lower body.


   Skills:
 - Level 2.0 Fighting
 + Level 4.2 Ranged Weapons
 - Level 1.5 Dodging
 - Level 1.5 Stealth


You had one spell level left.
You didn't know any spells.
Your spell library was empty.

Inventory:

Hand Weapons
 Y - a +0 shortbow (weapon)
Armour
 c - a +0 leather armour (worn)
 d - a +0 helmet (worn)
Jewellery
 a - a ring of positive energy (left hand)
Scrolls
 b - a scroll of enchant armour {unknown}
 g - a scroll of identify

Dungeon Overview and Level Annotations

Branches:
Dungeon (2/15)

Altars:

Annotations:
D:4 Sigmund


Message History

Done exploring.
572 ||| DROPPING scroll of butterflies.
You drop a scroll of butterflies.
Done exploring.
573 ||| DROPPING potion of enlightenment.
You drop a potion of enlightenment.
Done exploring.
(D) Dungeon
Where to? (* - list waypoints, ? - help)
What level of the Dungeon? (default 1, ? - help)
There is a stone staircase leading down here.
You climb downwards.
There is a stone staircase leading up here.
Waypoint 1 assigned to D:2.
A sourceless malevolence fills the Dungeon...
You fall into a shaft and drop 2 floors!
The shaft crumbles and collapses.
Found a potion of enlightenment.
Waypoint 2 assigned to D:4.
b - a scroll labelled CEATWU ESARA TOY Sigmund the Dreaded comes into view.
He is wielding a +0 scythe.
Sigmund shouts!
You shoot an arrow. The arrow closely misses Sigmund.
607 ||| INVOKING Spit Poison.
Aiming: Spit Poison (2% risk of failure)
Press: ? - help, Shift-Dir - straight line, f/p - Sigmund The splash of poison hits Sigmund but does no damage.
You shoot an arrow. The arrow hits Sigmund.
Sigmund is lightly wounded.
Sigmund gestures at you while chanting.
You are confused.
Sigmund points at you and mumbles some strange words.
You are more confused.
Sigmund hits you from afar with a +0 scythe.
You have got your breath back.
Sigmund points at you and mumbles some strange words.
The puff of flame hits you!
A dart slug comes into view.
Sigmund hits you from afar with a +0 scythe!
Sigmund hits you from afar with a +0 scythe.
You die...

#. #.w.
##.....
########.@...#
####......@.#
#....###...!#
#.#### #.####
#. #.# #. #.#
## ..# ###


You could see Sigmund and a dart slug.

Vanquished Creatures
  A dart slug (D:1)
  A giant cockroach (D:1)
  4 hobgoblins (D:1)
  2 kobolds (D:1)
  A quokka (D:1)
  A ball python (D:1)
  A frilled lizard (D:1)
  2 rats (D:1)
13 creatures vanquished.

Notes
Turn   | Place    | Note
-------+----------+-------------------------------------------
     0 | D:1      | qw the Naga Hunter began the quest for the Orb.
     0 | D:1      | Reached XP level 1. HP: 19/19 MP: 1/1
     0 | D:1      | 0 ||| qw: Version: 0.2-a-122-gbc61b45
     0 | D:1      | 0 ||| qw: Game counter: 3392
     0 | D:1      | 0 ||| qw: Always use a shield: true
     0 | D:1      | 0 ||| qw: God list: Okawaru
     0 | D:1      | 0 ||| qw: Allow faded altars: false
     0 | D:1      | 0 ||| qw: Do Orc after D:15 true
     0 | D:1      | 0 ||| qw: Do second Lair branch before Depths: true
     0 | D:1      | 0 ||| qw: Lair rune preference: random
     0 | D:1      | 0 ||| qw: Plans: Normal
     0 | D:1      | 0 ||| PLANNING D:1-11
    45 | D:1      | 45 ||| INVOKING Spit Poison.
    83 | D:1      | 83 ||| INVOKING Spit Poison.
   122 | D:1      | 122 ||| INVOKING Spit Poison.
   127 | D:1      | Reached skill level 4 in Ranged Weapons
   127 | D:1      | Reached XP level 2. HP: 26/26 MP: 2/2
   143 | D:1      | 143 ||| INVOKING Spit Poison.
   148 | D:1      | 148 ||| INVOKING Spit Poison.
   227 | D:1      | 227 ||| INVOKING Spit Poison.
   257 | D:1      | 257 ||| INVOKING Spit Poison.
   312 | D:1      | 312 ||| INVOKING Spit Poison.
   412 | D:1      | 412 ||| INVOKING Spit Poison.
   438 | D:1      | 438 ||| INVOKING Spit Poison.
   445 | D:1      | Found a faded altar of an unknown god.
   562 | D:1      | 562 ||| UPGRADING to +0 helmet.
   567 | D:1      | 567 ||| READING scroll labelled ATUDOGIUFIT.
   567 | D:1      | Identified a scroll of acquirement
   567 | D:1      | 567 ||| ACQUIRING ring of positive energy
   567 | D:1      | Acquired a ring of positive energy
   569 | D:1      | 569 ||| UPGRADING to ring of positive energy.
   570 | D:1      | 570 ||| READING 3 scrolls labelled YCRUNENEOPH.
   571 | D:1      | 571 ||| READING 2 scrolls of identify.
   571 | D:1      | 571 ||| IDENTIFYING puce potion
   572 | D:1      | 572 ||| DROPPING scroll of butterflies.
   573 | D:1      | 573 ||| DROPPING potion of enlightenment.
   595 | D:2      | You fall into a shaft and drop 2 floors!
   605 | D:4      | Noticed Sigmund
   607 | D:4      | 607 ||| INVOKING Spit Poison.
   614 | D:4      | HP: 4/26 [Sigmund/+0 scythe (10)]
   615 | D:4      | Slain by Sigmund

Levels and vault maps discovered:
D:1:      zaba_arrival_water, layout_basic,
          hellmonk_ecumenical_altar_inner_sanctum, kennysheep_minor_cross,
          minmay_misc_feat_enclosed
D:2:      layout_loops_corners, minmay_misc_feat_nine_boxes,
          minmay_tiny_reverse_x
D:4:      layout_rooms, due_unseen_surprise, uniq_sigmund

Skill      XL: |  1 |
---------------+----+-----
Ranged Weapons | 4 |  4.2
Fighting       | |  2.0
Dodging        | |  1.5
Stealth        | |  1.5

Action                     || total
---------------------------++-------
   Fire: Shortbow          ||    24
Ability: Spit Poison       ||    11
    Use: Scroll            ||     3
  Dodge: Dodged            ||     2

Table legend:
 A = Non-vault XP
 B = Vault XP
 C = Vault XP percentage of total XP
 D = Non-vault monster count
 E = Vault monster count
 F = Vault count percentage of total count
                 A         B        C        D         E       F
            +---------+---------+-------+---------+---------+-------
      Total |      23 |       0 |   0.0 |      13 |       0 |   0.0
            +---------+---------+-------+---------+---------+-------
        D:1 |      23 |       0 |   0.0 |      13 |       0 |   0.0
            +---------+---------+-------+---------+---------+-------
